 Dungeon Crawl Stone Soup version 0.13.1-37-gb6f4c13 (webtiles) character file.

6485 RepoMan the Cloud Mage (level 10, -4/62 (63) HPs)
             Began as a Demonspawn Air Elementalist on Mar 27, 2014.
             Was an Elder of Okawaru.
             Slain by an eidolon (9 damage)
             ... on Level 1 of the Abyss on Mar 31, 2014.
             The game lasted 02:27:32 (11187 turns).

RepoMan the Cloud Mage (DsAE)                      Turns: 11187, Time: 02:27:32

HP  -4/62 (63)   AC 15     Str 16      XL: 10   Next: 53%
MP  11/23        EV 26     Int 18      God: Okawaru [****..]
Gold 596         SH  0     Dex 18      Spells:  6 memorised,  6 levels left

Res.Fire  : . . .   See Invis. : .   T - +4,+1 scythe (venom)
Res.Cold  : . . .   Warding    : .   f - +2 leather armour
Life Prot.: . . .   Conserve   : .   (no shield)
Res.Poison: .       Res.Corr.  : .   (helmet restricted)
Res.Elec. : .       Clarity    : .   (no cloak)
Sust.Abil.: . .     Spirit.Shd : .   (no gloves)
Res.Mut.  : .       Stasis     : .   P - +0 pair of boots
Res.Rott. : .       Flight     : .   (no amulet)
Saprovore : . . .                    y - +5 ring of protection
                                     l - +1 ring of evasion

@: about to teleport, mighty, agile, very slightly contaminated, slowed, afraid,
heroism, slow, somewhat resistant to hostile enchantments, stealthy
A: antennae 1, conserve scrolls, powered by pain 1, screaming 1, AC +4
a: Heroism, Renounce Religion


You were on level 1 of the Abyss.
You worshipped Okawaru.
Okawaru was greatly pleased with you.
You were not hungry.

You visited 2 branches of the dungeon, and saw 10 of its levels.
You visited the Abyss 1 time.

You collected 576 gold pieces.

Inventory:

Hand weapons
 j - a +0 blowgun
 T - a +4,+1 scythe of venom (weapon)
Missiles
 u - 4 silver darts (quivered)
 D - 3 curare-tipped needles
 Q - 25 poisoned needles
Armour
 f - a +2 leather armour (worn)
 v - a +1 orcish robe of magic resistance
 L - a +1 orcish chain mail of positive energy
 P - a +0 pair of boots (worn)
Magical devices
 h - a wand of frost (1)
 o - a wand of cold (11)
 C - a wand of lightning (0)
 J - a wand of cold (12)
 K - a wand of disintegration (11) {unknown}
Comestibles
 c - 3 bread rations
 s - 2 meat rations
Scrolls
 a - a scroll of vulnerability {unknown}
 e - a scroll of enchant armour {unknown}
 k - a scroll of silence {unknown}
 m - 6 scrolls of fog
 p - 10 scrolls of remove curse
 q - a scroll of teleportation
 r - 2 scrolls of identify
 x - 3 scrolls of magic mapping
 z - a scroll of enchant weapon II {unknown}
Jewellery
 l - a +1 ring of evasion (left hand)
 y - a +5 ring of protection (right hand)
 A - an uncursed amulet of guardian spirit
 O - an uncursed ring of protection from fire
Potions
 g - a potion of magic
 i - 3 potions of speed
 t - 3 potions of brilliance
 w - a potion of beneficial mutation {unknown}
 B - a potion of heal wounds
 E - 2 potions of curing
 G - 3 potions of agility
 H - 4 potions of restore abilities
 I - a potion of berserk rage
Books
 b - a book of Air

   Spells                             Type                      Level
   *Shock                             Conjuration/Air              1
   *Swiftness                         Charms/Air                   2
   *Repel Missiles                    Charms/Air                   2
   *Flight                            Charms/Air                   3
   Static Discharge                   Conjuration/Air              3
   *Lightning Bolt                    Conjuration/Air              5
 d - a book of Control

   Spells                             Type                      Level
   Control Teleport                   Charms/Translocation         4
   Control Undead                     Necromancy                   4
   Enslavement                        Hexes                        4
   Mass Confusion                     Hexes                        6
   Metabolic Englaciation             Hexes/Ice                    6
 n - the Almanac of Hexes and Transmigration
   (You found it on level 8 of the Dungeon)

   Spells                             Type                      Level
   Confusing Touch                    Hexes                        1
   Corona                             Hexes                        1
   Beastly Appendage                  Transmutation                1
   Spectral Weapon                    Hexes/Charms                 3
   Petrify                            Transmutation/Earth          4
   Fulminant Prism                    Conjuration/Hexes            5
 F - a book of Party Tricks

   Spells                             Type                      Level
   Summon Butterflies                 Summoning                    1
   Apportation                        Translocation                1
   *Blink                             Translocation                2
   Alistair's Intoxication            Transmutation/Poison         4
   Tukima's Dance                     Hexes                        5


   Skills:
 + Level 3.6(8.6) Polearms
 + Level 6.4(11.4) Dodging
 - Level 1.7(6.7) Stealth
 + Level 6.0 Spellcasting
 + Level 6.4 Conjurations
 + Level 4.1 Translocations
 * Level 8.8 Air Magic


You had 6 spell levels left.
You knew the following spells:

 Your Spells              Type           Power        Failure   Level  Hunger
a - Shock                 Conj/Air       ####         1%          1    None
b - Blink                 Tloc           N/A          3%          2    None
c - Flight                Chrm/Air       ###.......   10%         3    ##.....
e - Lightning Bolt        Conj/Air       ####......   17%         5    #####..
g - Swiftness             Chrm/Air       ###.......   3%          2    None
r - Repel Missiles        Chrm/Air       ###.......   3%          2    None


Dungeon Overview and Level Annotations

Branches:
Dungeon (9/27)             Temple (1/1) D:5             Orc (0/4) D:9
   Lair (0/8) D:8

Altars:
Ashenzari
Cheibriados
Elyvilon
Fedhas
Kikubaaqudgha
Makhleb
Nemelex Xobeh
Okawaru
Sif Muna
Trog
Vehumet
Xom
Yredelemnul
Zin
the Shining One

Shops:
D:9 %

Annotations:
D:5 Protee's ghost, experienced HEHu
D:9 Erolcha


Innate Abilities, Weirdness & Mutations

You have a pair of small antennae on your head.
You are partially covered in iridescent scales (AC +4).
You are very good at protecting items from fire.
You sometimes gain a little power by taking damage.
You occasionally shout uncontrollably.


Message History

The lemure completely misses you.
The eidolon hits you but does no damage.
The eidolon completely misses you. The lemure completely misses you.
The lemure completely misses you. The lemure misses you.
Unknown command.
You attempt to attack the eidolon, but flinch away in fear!
The eidolon completely misses you.
The eidolon hits you but does no damage.
The lemure completely misses you. The lemure hits you.
The smoke demon gestures at you. Something smites you!
You focus on the pain.
You feel your power returning. The eidolon hits you!
* * * LOW HITPOINT WARNING * * *
You focus on the pain.
You feel very mighty all of a sudden. The eidolon drains your vigor!
You feel yourself slow down.
* * * LOW HITPOINT WARNING * * *
The eidolon hits you!
You die...

. # # # . # # . .. { ..
#.#..# ### #..# #. # ≈
##@# #.# ...##.≈
#W5####..3..#. .≈≈ #.
W...#X#..## ... .#.§
.#...##.#n.#.##.#.#.#.§
..#.######3# 5..##.#..
.#.. ###X#.##.. n .. #.
##..##.. ..# #...n.n...
# . # ...##. #


You could see an eidolon, a large abomination, a smoke demon, a necrophage and a
lemure.

Vanquished Creatures
  Pikel (D:9)
  An orange demon (Abyss:1)
  Prince Ribbit (D:5)
  2 yaks (D:8)
  A wyvern (D:7)
  A neqoxec (Abyss:1)
  Eustachio (D:5)
  A hungry ghost (Abyss:1)
  A wolf (D:9)
  A hippogriff (D:9)
  5 necrophages (D:9)
  2 orc warriors (D:7)
  An ice beast (D:6)
  A slave (D:8)
  A small abomination (Abyss:1)
  3 ogres
  5 centaurs
  A crocodile (D:8)
  Sigmund (D:7)
  3 giant frogs
  6 killer bees
  A sky beast (D:7)
  9 wights
  3 crimson imps
  An orc priest (D:7)
  5 goliath beetles
  A giant frog zombie (D:9)
  5 hounds
  2 scorpions
  An iguana (D:8)
  An iron imp (Abyss:1)
  3 orc wizards
  4 worker ants
  A killer bee zombie (D:9)
  Ijyb (D:3)
  A crocodile zombie (D:9)
  An ogre skeleton (D:7)
  A tengu skeleton (Abyss:1)
  A crocodile skeleton (D:8)
  A hound zombie (D:7)
  A mummy (D:7)
  5 adders
  6 giant mites
  A worm zombie (D:7)
  A white imp (Abyss:1)
  6 worms
  An ufetubus (Abyss:1)
  A giant eyeball (D:8)
  3 giant geckos
  2 oozes
  19 orcs
  A bat zombie (D:3)
  7 giant cockroaches
  14 hobgoblins
  15 jackals
  4 quokkas
  4 training dummies (D:5)
  16 bats
  5 giant newts
  A giant newt zombie (D:5)
  A giant spore (D:9)
  A gnoll skeleton (D:4)
  12 goblins
  A hobgoblin skeleton (D:6)
  15 kobolds
  An orc skeleton (D:4)
  21 rats
  A rat zombie (D:6)
  2 ballistomycetes (D:9)
  A bush (D:9)
252 creatures vanquished.

Vanquished Creatures (others)
  An orc wizard (D:9)
  2 orcs (D:9)
  A kobold (D:9)
  4 fungi (D:8)
  2 plants (D:9)
10 creatures vanquished.

Grand Total: 262 creatures vanquished

Notes
Turn   | Place    | Note
--------------------------------------------------------------
     0 | D:1      | RepoMan, the Demonspawn Air Elementalist, began the quest for the Orb.
     0 | D:1      | Reached XP level 1. HP: 13/13 MP: 3/3
   215 | D:1      | Reached skill level 3 in Air Magic
   276 | D:1      | Gained mutation: You are very good at protecting items from fire. [demonic ancestry]
   276 | D:1      | Reached XP level 2. HP: 14/19 MP: 1/4
   357 | D:1      | Learned a level 2 spell: Swiftness
   993 | D:2      | Reached XP level 3. HP: 24/24 MP: 0/5
  1977 | D:2      | Gained mutation: You have a pair of small antennae on your head. [demonic ancestry]
  1977 | D:2      | Reached XP level 4. HP: 30/30 MP: 5/7
  1988 | D:2      | Learned a level 2 spell: Repel Missiles
  2799 | D:3      | Found a snail-covered altar of Cheibriados.
  2802 | D:3      | Found a radiant altar of Vehumet.
  2937 | D:3      | Found a white marble altar of Elyvilon.
  3129 | D:3      | Reached XP level 5. HP: 35/35 MP: 2/8
  3635 | D:3      | Reached skill level 4 in Air Magic
  3861 | D:4      | Noticed an ogre
  3881 | D:3      | Killed an ogre
  3918 | D:4      | Noticed an ogre
  3930 | D:4      | Killed an ogre
  3930 | D:4      | Gained mutation: You sometimes gain a little power by taking damage. [demonic ancestry]
  3930 | D:4      | Reached XP level 6. HP: 18/41 MP: 4/11
  3945 | D:4      | Noticed Ijyb
  4109 | D:3      | Killed Ijyb
  4644 | D:4      | Reached skill level 5 in Air Magic
  5180 | D:5      | Entered Level 5 of the Dungeon
  5192 | D:5      | Found an iron altar of Okawaru.
  5208 | D:5      | Became a worshipper of Warmaster Okawaru
  5303 | D:5      | Reached XP level 7. HP: 37/46 MP: 6/13
  5375 | D:5      | Noticed Prince Ribbit
  5391 | D:5      | Killed Prince Ribbit
  5484 | D:5      | Noticed Eustachio
  5495 | D:5      | Killed Eustachio
  5496 | D:5      | Noticed Protee's ghost (experienced HEHu)
  5944 | D:5      | Found a staircase to the Ecumenical Temple.
  5993 | Temple   | Entered the Ecumenical Temple
  6188 | D:5      | Reached skill level 6 in Air Magic
  6253 | D:5      | Learned a level 3 spell: Flight
  6289 | D:5      | Reached XP level 8. HP: 52/52 MP: 5/17
  6386 | D:5      | Acquired Okawaru's first power
  6428 | D:5      | Learned a level 2 spell: Blink
  6544 | D:6      | Found a burning altar of Makhleb.
  6757 | D:6      | Upgraded the game from 0.13.1-36-g052d4d5 to 0.13.1-37-gb6f4c13
  7104 | D:7      | Reached skill level 1 in Translocations
  7284 | D:7      | Reached skill level 5 in Conjurations
  7353 | D:7      | Reached skill level 7 in Air Magic
  7441 | D:7      | Reached skill level 5 in Dodging
  7545 | D:7      | Gained mutation: You are partially covered in iridescent scales (AC +4). [demonic ancestry]
  7545 | D:7      | Reached XP level 9. HP: 36/57 MP: 13/20
  7560 | D:7      | Learned a level 5 spell: Lightning Bolt
  7860 | D:7      | Found a burning altar of Makhleb.
  7889 | D:7      | Found a shattered altar of Ashenzari.
  7972 | D:7      | Noticed Sigmund
  7977 | D:7      | Killed Sigmund
  8065 | D:8      | Found a sparkling altar of Nemelex Xobeh.
  8077 | D:7      | Reached skill level 1 in Polearms
  8176 | D:8      | Reached skill level 5 in Spellcasting
  8318 | D:8      | Found a staircase to the Lair.
  9037 | D:8      | Identified the Almanac of Hexes and Transmigration
  9153 | D:9      | Reached skill level 8 in Air Magic
  9195 | D:9      | Noticed Pikel
  9215 | D:8      | HP: 1/57 [miscasting Lightning Bolt (13)]
  9513 | D:9      | Noticed Erolcha
  9943 | D:9      | Reached XP level 10. HP: 63/63 MP: 18/22
  9961 | D:9      | Found a blossoming altar of Fedhas.
 10187 | D:9      | Found a staircase to the Orcish Mines.
 10257 | D:9      | Found Keutoig's Food Shoppe.
 10279 | D:9      | Killed Pikel
 10358 | D:9      | Cast into the Abyss (Erolcha)
 10479 | Abyss:1  | Noticed a spatial maelstrom
 10530 | Abyss:1  | Noticed a red very ugly thing
 10668 | Abyss:1  | Noticed a starcursed mass
 10723 | Abyss:1  | Gained mutation: You occasionally shout uncontrollably. [a neqoxec]
 11154 | Abyss:1  | Noticed a large abomination
 11167 | Abyss:1  | Noticed a starcursed mass
 11167 | Abyss:1  | Noticed a large abomination
 11178 | Abyss:1  | Noticed an eidolon
 11187 | Abyss:1  | Slain by an eidolon

Action                   |  1- 3 |  4- 6 |  7- 9 | 10-12 || total
-------------------------+-------+-------+-------+-------++-------
Melee: Unarmed           |    21 |    47 |    51 |       ||   119
       Dagger            |       |       |    12 |       ||    12
       Trident           |       |       |    15 |       ||    15
       Scythe            |       |       |   112 |    88 ||   200
 Fire: Blowgun           |       |       |    32 |     2 ||    34
 Cast: Shock             |    77 |   110 |   226 |    60 ||   473
       Repel Missiles    |       |     2 |    10 |     2 ||    14
       Swiftness         |       |     3 |     3 |     1 ||     7
       Blink             |       |       |     5 |     1 ||     6
       Lightning Bolt    |       |       |     1 |     3 ||     4
Invok: Heroism           |       |       |       |     1 ||     1
Evoke: Wand              |       |     6 |     1 |     1 ||     8
  Use: Scroll            |       |       |    21 |     2 ||    23
       Potion            |       |       |     1 |     2 ||     3
 Stab: Sleeping          |       |     1 |       |       ||     1
